 Dungeon Crawl Stone Soup version 0.27-a0-1116-g91b3acb402 (webtiles) character file.

Game seed: 2425187134533146768

4 Zeld the Skirmisher (level 1, 0/16 HPs)
             Began as an Octopode Fighter on May 2, 2021.
             Slain by a hobgoblin (5 damage)
             ... on level 1 of the Dungeon.
             The game lasted 00:00:23 (44 turns).

Zeld the Skirmisher (Octopode Fighter)                Turns: 44, Time: 00:00:24

Health: 0/16       AC:  1    Str: 15    XL:     1   Next: 70%
Magic:  1/1        EV: 11    Int: 10    God:
Gold:   0          SH:  8    Dex: 11    Spells: 0/0 levels left

rFire    . . .     SeeInvis .   a - +0 war axe
rCold    . . .     Faith    .   b - +0 kite shield
rNeg     . . .     Spirit   .   (helmet restricted)
rPois    .         Reflect  .   (no amulet)
rElec    .         Harm     .   (no ring)
rCorr    .         Rampage  .   (no ring)
Will     .....                  (no ring)
Stlth    ++........             (no ring)
HPRegen  0.05/turn              (no ring)
MPRegen  0.07/turn              (no ring)
                                (no ring)
                                (no ring)

@: no status effects
A: almost no armour, amphibious, 8 rings, camouflage 1, gelatinous body 1,
(nimble swimmer 1), tentacles
a: no special abilities


You were on level 1 of the Dungeon.
You visited 1 branch of the dungeon, and saw 1 of its levels.

Inventory:

Hand Weapons
 a - a +0 war axe (weapon)
Armour
 b - a +0 kite shield (worn)
Potions
 c - a potion of might


   Skills:
 * Level 3.2 Fighting
 * Level 2.0 Axes
 - Level 3.0 Dodging
 * Level 3.0 Shields


You couldn't memorise any spells.
You didn't know any spells.
Your spell library was empty.

Dungeon Overview and Level Annotations

Branches:
Dungeon (1/15)

Altars:


Innate Abilities, Weirdness & Mutations

You cannot wear most types of armour.
You are amphibious.
You can wear up to eight rings at the same time.
Your skin changes colour to match your surroundings (Stealth+).
Your rubbery body absorbs attacks. (AC +1, EV +1)
((You are camouflaged near water. (Stealth+)))
You have tentacles for arms and can constrict up to eight enemies at once.


Message History

There is a large open door here.
You open the door.
A rat comes into view.
There is an open door here.
The helpless rat fails to defend itself.
You slash the rat!
You kill the rat!
No target in view!
As you open the door, it creaks loudly!
There is an open door here.
An endoplasm comes into view.
An endoplasm is nearby!
An endoplasm is nearby!
A hobgoblin and a kobold come into view.
The helpless endoplasm fails to defend itself.
You hit the endoplasm.
The endoplasm is heavily wounded.
The endoplasm hits you. The endoplasm barely misses you.
You slash the endoplasm!
You kill the endoplasm!
The kobold shouts!
You hear a shout!
The hobgoblin shouts!
You slash the kobold!
You kill the kobold!
Found a scroll labelled EMEIRR CICEFRE.
The hobgoblin hits you.
A hobgoblin comes into view.
The hobgoblin barely misses you.
You barely miss the hobgoblin. You grab the hobgoblin.
You constrict the hobgoblin, but do no damage.
The hobgoblin barely misses you. The hobgoblin hits you.
You are too injured to fight recklessly!
You slash the hobgoblin!
You kill the hobgoblin!
You block the hobgoblin's attack.
You are too injured to fight recklessly!
You closely miss the hobgoblin. You grab the hobgoblin.
You squeeze the hobgoblin.
The hobgoblin is moderately wounded.
You constrict the hobgoblin. The hobgoblin hits you.
You die...

#.#....>..'.......#
##......#.......#
#########+###'## #
### #.....# #. ..#
#.##..# #.###.#
#....## #...#?#
#.#### #.#.#.# #.#
##...@.######.#
#....g........#
#....##)#######
#.... #.# #.... #.#
...... #.# ###....
..# #.#.# ### ....


You could see a hobgoblin.

Vanquished Creatures
  An endoplasm (D:1)
  A hobgoblin (D:1)
  A kobold (D:1)
  A rat (D:1)
4 creatures vanquished.

Notes
Turn   | Place    | Note
-------+----------+-------------------------------------------
     0 | D:1      | Zeld the Octopode Fighter began the quest for the Orb.
     0 | D:1      | Reached XP level 1. HP: 16/16 MP: 1/1
    44 | D:1      | Slain by a hobgoblin

Illustrated notes

Levels and vault maps discovered:
D:1:      dpeg_arrival_simpleton_b, layout_loops_cross, serial_shops, shop

Action                   || total
-------------------------++-------
Melee: War axe           ||     7
       Constrict         ||     2
       Tentacles         ||     1
 Stab: Sleeping          ||     2
Dodge: Dodged            ||     3
Block: Kite shield       ||     1

Table legend: (Time is in decaauts)
 A = Elapsed time spent in this place.
 B = Non-inter-level travel time spent in this place.
 C = Inter-level travel time spent in this place.
 D = Time resting spent in this place.
 E = Time spent auto-exploring this place.
 F = Levels seen in this place.
 G = Mean time per level.
                   A        B        C        D        E       F      G
               +--------+--------+--------+--------+--------+-----+--------+
         Total |     47 |     47 |      0 |      0 |     21 |   1 |   47.0 |
       Dungeon |     47 |     47 |      0 |      0 |     21 |   1 |   47.0 |
               +--------+--------+--------+--------+--------+-----+--------+

Top non-repeatable levels by time:
     D:1: 47 daAuts
